 Dungeon Crawl Stone Soup version 0.23.2-1-ga50397a6bc (webtiles) character file.

Game seed: 3979739492197919651

260 MisterOstroum the Charmwright (level 6, 0/48 HPs)
             Began as a Barachi Skald on Apr 26, 2019.
             Was a Follower of Cheibriados.
             Killed by divine providence
             ... invoked by an orc priest
              (11 damage)
             ... on level 5 of the Dungeon.
             The game lasted 00:12:06 (4597 turns).

MisterOstroum the Charmwright (Barachi Skald)       Turns: 4597, Time: 00:12:07

Health: 0/48       AC:  7    Str: 16    XL:     6   Next: 17%
Magic:  11/11      EV: 12    Int: 18    God:    Cheibriados [*.....]
Gold:   275        SH:  0    Dex: 14    Spells: 3/12 levels left

rFire    . . .     SeeInvis .   a - +0 falchion
rCold    . . .     Gourm    .   (no shield)
rNeg     . . .     Faith    .   b - +0 leather armour
rPois    .         Spirit   .   (no helmet)
rElec    .         Reflect  .   i - +0 cloak
rCorr    .         Harm     .   m - +2 pair of gloves
MR       .....                  (no boots)
Stlth    +.........             (no amulet)
HPRegen  0.16/turn              (no ring)
MPRegen  0.12/turn              (no ring)

@: very slow
A: +LOS, swims, slowness 1, strong legs 1
a: Hop, Bend Time, Renounce Religion


You were on level 5 of the Dungeon.
You worshipped Cheibriados.
Cheibriados was aware of your devotion.
You were not hungry.

You visited 1 branch of the dungeon, and saw 5 of its levels.

You collected 275 gold pieces.

Inventory:

Hand Weapons
 a - a +0 falchion (weapon)
 p - a +0 hunting sling
 s - a +2 dagger of venom
Missiles
 c - 125 stones (quivered)
Armour
 b - a +0 leather armour (worn)
 i - a +0 cloak (worn)
 m - a +2 pair of gloves (worn)
 t - a +1 cloak
Jewellery
 d - an uncursed amulet of rage {unknown}
Scrolls
 f - 2 scrolls of enchant weapon {unknown}
 g - 2 scrolls of enchant armour {unknown}
 h - 3 scrolls of identify {unknown}
 j - 2 scrolls of remove curse {unknown}
 k - a scroll of noise {unknown}
 q - a scroll of amnesia {unknown}
 r - 3 scrolls of fear {unknown}
Potions
 l - 2 potions of agility
 n - a potion of berserk rage
 o - a potion of mutation {unknown}
Comestibles
 e - 5 rations


   Skills:
 - Level 4.0 Fighting
 - Level 4.0 Long Blades
 - Level 1.2 Armour
 - Level 2.1 Dodging
 + Level 3.5 Spellcasting
 + Level 1.8 Hexes
 - Level 4.0 Charms
 + Level 1.4 Necromancy


You had 3 spell levels left.
You knew the following spells:

 Your Spells              Type           Power        Failure   Level  Hunger
a - Infusion              Chrm           ###.         3%          1    None
b - Song of Slaying       Chrm           ###.....     5%          2    ##.....
c - Spectral Weapon       Hex/Chrm       ##......     17%         3    ###....
d - Regeneration          Chrm/Necr      ##........   19%         3    ###....

Your spell library contained the following spells:

 Spells                   Type           Power        Failure   Level  Hunger
 Shroud of Golubria       Chrm/Tloc      ##........   12%         2    ##.....


Dungeon Overview and Level Annotations

Branches:
Dungeon (5/15)
 Temple: D:4-7

Altars:
Ashenzari
Cheibriados
Kikubaaqudgha
Zin

Annotations:
D:3 Natasha


Innate Abilities, Weirdness & Mutations

Shadows flee at your approach. (+LOS)
You can swim through water.
You cover ground slowly.
You can hop short distances.


Message History

You climb downwards.
There is a stone staircase leading up here.
Okay, then.
Casting: Infusion (safe; 3% risk of failure)
Confirm with . or Enter, or press ? or * to list all spells.
You begin infusing your attacks with magical energy.
You hit the worm!
The worm is heavily wounded.
The worm bites you!
* * * LOW HITPOINT WARNING * * *
You hit the worm!
The worm is almost dead.
You hit the worm.
You kill the worm!
Cheibriados appreciates the change of pace.
Items here: )) [ † a +0 hand axe; a +0 ring mail; a +0 flail; a worm corpse You butcher the worm corpse.
u - 2 chunks of flesh
Things that are here:
a +0 hand axe; a +0 ring mail; a +0 flail Eat one of 2 chunks of flesh? (ye/n/q)
You eat one of the 2 chunks of flesh.
This raw flesh tastes terrible.
There is a stone staircase leading up here.
You start resting.
Your magical infusion is running out.
You start resting.
You are no longer magically infusing your attacks.
You start resting.
Magic restored.
All of the chunks of flesh in your inventory have rotted away.
HP restored.
You can't go down here!
You climb upwards.
The orc priest closely misses you.
There is a stone staircase leading down, spattered with blood here.
You fail to use your ability.
The orc priest misses you.
You barely miss the orc priest. The orc hits you but does no damage.
The orc priest mumbles some strange prayers to Beogh against you.
You barely resist.
The orc hits you from afar with a +0 trident.
You barely miss the orc priest.
The orc hits you from afar with a +0 trident.
The orc priest mumbles some strange prayers to Beogh against you.
Beogh smites you! The orc closely misses you.
You hit the orc priest.
The orc priest is moderately wounded.
The orc hits you from afar with a +0 trident.
The orc priest mumbles some strange prayers to Beogh against you.
You barely resist.
The orc hits you from afar with a +0 trident.
You can't go up here!
Unknown command.
The orc priest hits you but does no damage.
The orc hits you but does no damage. The orc barely misses you.
The orc misses you.
You climb downwards.
There is a stone staircase leading up here.
You barely miss the orc. The orc hits you with a +0 short sword.
You hit the orc but do no damage. The orc barely misses you.
You riposte.
You hit the orc.
The orc is severely wounded.
You closely miss the orc.
The orc is severely wounded.
The orc priest invokes the aid of Beogh against you.
Beogh smites you!
* * * LOW HITPOINT WARNING * * *
The orc hits you with a +0 short sword.
* * * LOW HITPOINT WARNING * * *
You hit the orc but do no damage.
The orc is severely wounded.
The orc completely misses you.
You riposte.
You closely miss the orc.
The orc is severely wounded.
You hit the orc.
The orc is almost dead.
The orc hits you but does no damage.
You hit the orc.
You kill the orc!
Cheibriados appreciates the change of pace.
You hit the orc priest but do no damage.
The orc priest is lightly wounded.
The orc priest mumbles some strange prayers to Beogh against you.
You barely resist. The orc priest barely misses you.
You completely miss the orc priest.
The orc priest is lightly wounded.
The orc priest closely misses you.
You riposte.
You hit the orc priest but do no damage.
The orc priest is lightly wounded.
You hit the orc priest.
The orc priest is moderately wounded.
The orc priest hits you.
* * * LOW HITPOINT WARNING * * *
You completely miss the orc priest.
The orc priest is moderately wounded.
The orc priest hits you but does no damage.
You barely miss the orc priest.
The orc priest is moderately wounded.
The orc priest invokes the aid of Beogh against you.
Beogh smites you!
You die... ####### #@o...# #####.#

You could see an orc priest.

Vanquished Creatures
  A water moccasin skeleton (D:4)
  An orc wizard (D:3)
  2 worker ants (D:4)
  Natasha (D:3)
  4 adders
  A worm (D:5)
  2 dart slugs
  A leopard gecko (D:2)
  8 orcs
  6 bats
  3 giant cockroaches (D:1)
  8 goblins
  4 hobgoblins
  3 quokkas
  3 frilled lizards
  9 kobolds
  7 rats
64 creatures vanquished.

Notes
Turn   | Place    | Note
-------+----------+-------------------------------------------
     0 | D:1      | MisterOstroum the Barachi Skald began the quest for the
                  | Orb.
     0 | D:1      | Reached XP level 1. HP: 17/17 MP: 3/3
   412 | D:1      | Reached XP level 2. HP: 17/23 MP: 5/5
  1648 | D:2      | Found a glowing silver altar of Zin.
  1693 | D:2      | Reached XP level 3. HP: 28/28 MP: 6/6
  1733 | D:2      | Found a shattered altar of Ashenzari.
  1737 | D:2      | Found an ancient bone altar of Kikubaaqudgha.
  1738 | D:2      | Found a snail-covered altar of Cheibriados.
  1752 | D:2      | Became a worshipper of Cheibriados the Contemplative
  2502 | D:3      | Reached XP level 4. HP: 35/35 MP: 4/8
  2537 | D:3      | Reached * piety under Cheibriados
  2661 | D:3      | Learned a level 2 spell: Song of Slaying
  2665 | D:3      | Learned a level 3 spell: Spectral Weapon
  2669 | D:3      | Learned a level 3 spell: Regeneration
  2787 | D:3      | Noticed Natasha
  2800 | D:3      | Killed Natasha
  2800 | D:3      | Reached XP level 5. HP: 24/41 MP: 5/9
  3325 | D:3      | Noticed Natasha
  3597 | D:4      | Reached skill level 1 in Hexes
  3597 | D:4      | Reached skill level 1 in Necromancy
  3883 | D:4      | Reached XP level 6. HP: 28/48 MP: 11/11
  4192 | D:5      | Entered Level 5 of the Dungeon
  4597 | D:5      | Killed from afar by an orc priest

Skill      XL: |  1  2  3  4  5 |
---------------+----------------+-----
Long Blades    | 3 4 |  4.0
Fighting       | 3 4 |  4.0
Spellcasting   | 3 |  3.5
Charms         | 4 |  4.0
Hexes          | 1 |  1.8
Necromancy     | 1 |  1.4
Armour         | |  1.2
Dodging        | |  2.1

Action                   |  1- 3 |  4- 6 || total
-------------------------+-------+-------++-------
Melee: Falchion          |   102 |   150 ||   252
Throw: Stone             |     5 |    26 ||    31
 Cast: Infusion          |     3 |     6 ||     9
Invok: Bend Time         |       |     1 ||     1
 Abil: Hop               |     3 |       ||     3
  Use: Potion            |       |     2 ||     2
 Stab: Sleeping          |       |     1 ||     1
  Eat: Chunk             |     3 |     3 ||     6
       Ration            |     1 |       ||     1
Armor: Leather armour    |    41 |    64 ||   105
Dodge: Dodged            |    77 |   112 ||   189
       Rpst.: Falchion   |    34 |    32 ||    66
